Patriotes vs Thunder

Created - 15 janvier 2015 at 18:59

Goals
1 2 3 T
Patriotes 2 3 1 6
Thunder 0 1 2 3
Shots
1 2 3 T
Patriotes 10 18 11 39
Thunder 8 6 21 35

1st period

1. Patriotes , Fedor Fedorov 23 (Andrew Gordon, Timothy Kunes) at 9:00
2. Patriotes , Andreas Nodl 20 (Sami Vatanen, Tomas Kurka) at 12:46

Penalties :
A.J Thelen (Nyc) for Hooking (Minor) at 4:46, Andrew Gordon (Nyc) for Holding (Minor) at 14:03

2nd period

3. Patriotes , T.J Galiardi 15 (Lauri Tukonen, Andrew Gordon) at 4:58
4. Thunder , Matt D'Agostini 25 (Dany Roussin) at 9:13
5. Patriotes , Andreas Nodl 21 (Zenon Konopka) at 10:17 (PP)
6. Patriotes , Tomas Kurka 9 (Timothy Kunes, Sami Vatanen) at 15:29

Penalties :
Brandon Mashinter (TRO) for High sticking (Minor) at 1:50, Pierre-Alexandre Parenteau (TRO) for Roughing (Double Minor) at 10:16, Samuel Pahlsson (TRO) for Hooking (Minor) at 16:38, Ray Macias (TRO) for Roughing (Minor) at 19:32

3rd period

7. Thunder , Samuel Pahlsson 31 (Jeff Finger, Doug Janik) at 0:33 (SH)
8. Thunder , Tom Pyatt 18 (Jeff Finger, Doug Janik) at 4:44
9. Patriotes , Liam Reddox 8 (T.J Galiardi) at 10:30

Penalties :
Pierre-Alexandre Parenteau (TRO) for Slashing (Minor) at 8:16, Ryan Wilson (Nyc) for Hooking (Minor) at 17:22

Goalie Stats

Jason Missiaen (Nyc), 32 saves from 35 shots - (0,914), W, 4-1-2, 60:00 minutes
Devan Dubnyk (TRO), 12 saves from 16 shots - (0,750), L, 2-7-0, 30:17 minutes
Mark Dekanich (TRO), 21 saves from 23 shots - (0,913), 29:43 minutes

Players Stats for Patriotes

Player Name              G  A  P  +/- PIM S  H  SB GA TA FO     MP     PP MP  PK MP  
------------------------------------------------------------------------------------
A.J Thelen               0  0  0  -1  2   0  4  3  1  1  0/0    26:44   6:26   1:04 
Andreas Nodl             2  0  2  -1  0   4  2  1  1  0  0/1    22:59   6:07   3:15 
Andrew Gordon            0  2  2   1  2   4  1  0  0  0  0/1    16:16   3:49   0:46 
Brett Skinner            0  0  0  -1  0   1  3  2  0  0  0/0    27:58   6:26   2:32 
Christian Hanson         0  0  0   1  0   0  2  2  0  0  4/4    12:21   0:00   0:15 
Cory Emmerton            0  0  0   1  0   5  2  1  0  0  4/6    14:58   3:49   0:00 
Fedor Fedorov            1  0  1   1  0   6  1  0  1  0  0/1    17:23   3:49   2:27 
Joe Charlebois           0  0  0   1  0   1  1  2  0  1  0/0    22:12   3:30   3:21 
Lauri Tukonen            0  1  1   1  0   0  0  1  0  0  0/0    13:33   0:00   1:12 
Liam Reddox              1  0  1   1  0   2  1  0  0  0  0/0     7:15   0:00   0:15 
Patrice Cormier          0  0  0   1  0   0  0  1  0  0  1/2     7:29   0:00   0:29 
Ryan White               0  0  0   0  0   0  0  0  0  0  0/0     0:00   0:00   0:00 
Ryan Wilson              0  0  0   0  2   1  1  0  0  1  0/0    20:19   3:30   1:51 
Sami Vatanen             0  2  2   2  0   1  0  1  0  0  0/0    12:55   0:00   2:34 
T.J Galiardi             1  1  2   1  0   4  2  0  0  0  0/0    12:32   0:00   0:00 
Timothy Kunes            0  2  2   3  0   2  0  0  0  0  0/0    10:05   0:00   0:32 
Tomas Kurka              1  1  2  -1  0   6  2  0  1  0  1/6    22:59   6:07   3:15 
Zack Stortini            0  0  0   1  0   0  1  0  0  0  1/1     7:00   0:00   0:00 
Zenon Konopka            0  1  1  -1  0   2  1  0  0  0  19/42  19:02   6:07   0:00 

Players Stats for Thunder

Player Name              G  A  P  +/- PIM S  H  SB GA TA FO     MP     PP MP  PK MP  
------------------------------------------------------------------------------------
Brandon Mashinter        0  0  0  -3  2   0  2  0  0  0  5/7    13:46   0:00   2:22 
Brett Festerling         0  0  0   0  0   1  0  0  0  0  0/0     4:36   0:04   0:00 
Casey Pierro-Zabotel     0  0  0  -3  0   0  0  0  0  0  0/1    11:24   0:00   0:01 
Colby Cohen              0  0  0   0  0   0  0  0  0  0  0/0     0:00   0:00   0:00 
Dany Roussin             0  1  1   2  0   3  1  0  0  0  3/3    19:07   3:00   3:41 
Daultan Leveillé         0  0  0  -1  0   5  1  0  0  1  0/1     8:06   0:00   0:00 
David Fischer            0  0  0   0  0   0  0  0  0  0  0/0     4:18   0:00   0:00 
Derek Peltier            0  0  0  -1  0   3  1  1  0  1  0/0    20:32   2:04   3:03 
Doug Janik               0  2  2  -1  0   3  1  2  0  0  0/0    26:39   3:53   6:53 
Jannik Hansen            0  0  0  -1  0   1  0  0  0  0  0/0     8:44   0:04   0:00 
Jeff Finger              0  2  2  -1  0   1  2  1  1  0  0/0    26:39   3:53   6:53 
Jesse Blacker            0  0  0   0  0   0  0  0  0  0  0/0     0:00   0:00   0:00 
Joey Ryan                0  0  0   0  0   1  0  0  0  0  0/0     8:31   0:00   0:00 
Kelly Zajac              0  0  0   0  0   0  0  0  0  0  0/0     0:00   0:00   0:00 
Kevin Montgomery         0  0  0   0  0   0  0  0  0  0  0/0     0:00   0:00   0:00 
Mat Clark                0  0  0   0  0   0  0  0  0  0  0/0     0:00   0:00   0:00 
Matt D'Agostini          1  0  1   2  0   1  4  0  0  0  0/0    15:00   3:00   0:00 
Pierre-Alexandre Parente 0  0  0  -1  6   4  2  1  0  0  0/0    16:55   2:53   1:17 
Ray Macias               0  0  0  -1  2   2  3  3  0  1  0/0    19:39   2:04   2:48 
Robin Leblanc            0  0  0  -3  0   1  3  1  1  0  1/1    11:52   0:50   0:00 
Samuel Pahlsson          1  0  1  -1  2   4  1  1  0  1  18/39  26:24   2:07   5:04 
Scott Parse              0  0  0   0  0   1  4  1  1  0  1/1    21:46   2:53   6:14 
Slava Voynov             0  0  0   0  0   2  0  0  0  0  0/0     9:29   0:00   0:15 
Taylor Doherty           0  0  0   0  0   0  0  0  0  0  0/0     0:00   0:00   0:00 
Tom Pyatt                1  0  1   2  0   2  2  0  0  0  6/11   16:32   3:00   1:13 

3 Stars

1 - Andreas Nodl (Nyc)
2 - T.J Galiardi (Nyc)
3 - Matt D'Agostini (TRO)

Power Play

Patriotes - 1 on 6 Attempt(s) - 16,67%
Thunder - 0 on 3 Attempt(s) - 0,00%

Penalty Kill

Patriotes - 3 on 3 Attempt(s) - 100,00% - Score 0 goal in Penalty Kill
Thunder - 5 on 6 Attempt(s) - 83,33% - Score 1 goal in Penalty Kill

Team Stat

Patriotes - Hits : 24 - Faceoff Wins : 30 - Blocked Shots : 14 - Penalty Minutes : 6
Thunder - Hits : 27 - Faceoff Wins : 34 - Blocked Shots : 11 - Penalty Minutes : 12

Official

Referees : McCauley Wes and Meier Brad
Linesman : Tim Nowak and Thor Nelson

Game Notes

Mark Dekanich enters game at 10:17 of 2nd period
3:23 of 3rd period - Patriotes goal is going for a video replay. After video review, No Goal. The puck has been kicked using a distinct kicking motion.

Finance

Level 1 -- Attendance: 1484 (74,20%) -- Ticket Income 51 940 $
Level 2 -- Attendance: 742 (74,20%) -- Ticket Income 11 130 $
Total Attendance: 2226 (74,20%)
Total Ticket Income: 63 070 $
Other Income: 3 154 $
Total Income: 66 224 $

Patriotes

5 vs 5 Forward 
   Center                   Left Wing                Right Wing               Time % Phy DF OF 
 1 Zenon Konopka            Tomas Kurka              Andreas Nodl             40     1   2  2  
 2 Cory Emmerton            Fedor Fedorov            Andrew Gordon            30     1   2  2  
 3 Christian Hanson         T.J Galiardi             Lauri Tukonen            20     1   2  2  
 4 Patrice Cormier          Liam Reddox              Zack Stortini            10     1   2  2  

5 vs 5 Defense 
   Defense                  Defense                                           Time % Phy DF OF 
 1 A.J Thelen               Brett Skinner                                     40     1   2  2  
 2 Ryan Wilson              Joe Charlebois                                    30     1   2  2  
 3 Timothy Kunes            Sami Vatanen                                      20     1   2  2  
 4 A.J Thelen               Brett Skinner                                     10     1   2  2  

PowerPlay Forward 
   Center                   Left Wing                Right Wing               Time % Phy DF OF 
 1 Zenon Konopka            Tomas Kurka              Andreas Nodl             60     1   2  2  
 2 Cory Emmerton            Fedor Fedorov            Andrew Gordon            40     1   2  2  

PowerPlay Defense
   Defense                  Defense                                           Time % Phy DF OF 
 1 A.J Thelen               Brett Skinner                                     60     1   2  2  
 2 Ryan Wilson              Joe Charlebois                                    40     1   2  2  

Penalty Kill 4 Players Forward 
   Center                   Wing                     Time % Phy DF OF 
 1 Tomas Kurka              Andreas Nodl             60     1   2  2  
 2 Andrew Gordon            Fedor Fedorov            40     1   2  2  

Penalty Kill 4 Players Defense
   Defense                  Defense                  Time % Phy DF OF 
 1 A.J Thelen               Brett Skinner            60     1   2  2  
 2 Ryan Wilson              Joe Charlebois           40     1   2  2  

Penalty Kill - 3 Players Forward 
   Forward                                           Time % Phy DF OF 
 1 Tomas Kurka                                       60     1   2  2  
 2 Andreas Nodl                                      40     1   2  2  

Penalty Kill - 3 Players Defense
   Defense                  Defense                  Time % Phy DF OF 
 1 A.J Thelen               Brett Skinner            60     1   2  2  
 2 Ryan Wilson              Joe Charlebois           40     1   2  2  

4 vs 4 Forward 
   Center                   Wing                     Time % Phy DF OF 
 1 Tomas Kurka              Andreas Nodl             60     1   2  2  
 2 Andrew Gordon            Fedor Fedorov            40     1   2  2  

4 vs 4 Defense
   Defense                  Defense                  Time % Phy DF OF 
 1 A.J Thelen               Brett Skinner            60     1   2  2  
 2 Ryan Wilson              Joe Charlebois           40     1   2  2  

Last Minutes Offensive
   Center                   Left Wing                Right Wing               Defense                  Defense                  
   Zenon Konopka            Tomas Kurka              Andreas Nodl             A.J Thelen               Brett Skinner            

Last Minutes Defensive
   Center                   Left Wing                Right Wing               Defense                  Defense                  
   Zenon Konopka            Tomas Kurka              Andreas Nodl             A.J Thelen               Brett Skinner            

Goaltenders
Starting : Jason Missiaen           
Backup : Joey MacDonald           

Extra Forwards
Normal : T.J Galiardi, Christian Hanson, Lauri Tukonen - PP : T.J Galiardi, Christian Hanson - PK : Lauri Tukonen
Extra Defensemen
Normal : Timothy Kunes, Sami Vatanen, Ryan Wilson - PP : Timothy Kunes - PK : Sami Vatanen, Ryan Wilson
Penalty Shots
Tomas Kurka, Andreas Nodl, Andrew Gordon, Fedor Fedorov, Zenon Konopka

Thunder

5 vs 5 Forward 
   Center                   Left Wing                Right Wing               Time % Phy DF OF 
 1 Samuel Pahlsson          Scott Parse              Pierre-Alexandre Parentea40     1   2  2  
 2 Tom Pyatt                Dany Roussin             Matt D'Agostini          30     1   2  2  
 3 Brandon Mashinter        Casey Pierro-Zabotel     Robin Leblanc            20     1   2  2  
 4 Daultan Leveillé         Samuel Pahlsson          Jannik Hansen            10     1   2  2  

5 vs 5 Defense 
   Defense                  Defense                                           Time % Phy DF OF 
 1 Doug Janik               Jeff Finger                                       40     1   2  2  
 2 Ray Macias               Derek Peltier                                     30     1   2  2  
 3 Joey Ryan                Slava Voynov                                      20     1   2  2  
 4 Brett Festerling         David Fischer                                     10     1   2  2  

PowerPlay Forward 
   Center                   Left Wing                Right Wing               Time % Phy DF OF 
 1 Samuel Pahlsson          Scott Parse              Pierre-Alexandre Parentea60     1   2  2  
 2 Tom Pyatt                Dany Roussin             Matt D'Agostini          40     1   2  2  

PowerPlay Defense
   Defense                  Defense                                           Time % Phy DF OF 
 1 Doug Janik               Jeff Finger                                       60     1   2  2  
 2 Ray Macias               Derek Peltier                                     40     1   2  2  

Penalty Kill 4 Players Forward 
   Center                   Wing                     Time % Phy DF OF 
 1 Samuel Pahlsson          Scott Parse              60     1   2  2  
 2 Dany Roussin             Pierre-Alexandre Parentea40     1   2  2  

Penalty Kill 4 Players Defense
   Defense                  Defense                  Time % Phy DF OF 
 1 Doug Janik               Jeff Finger              60     1   2  2  
 2 Ray Macias               Derek Peltier            40     1   2  2  

Penalty Kill - 3 Players Forward 
   Forward                                           Time % Phy DF OF 
 1 Samuel Pahlsson                                   60     1   2  2  
 2 Scott Parse                                       40     1   2  2  

Penalty Kill - 3 Players Defense
   Defense                  Defense                  Time % Phy DF OF 
 1 Doug Janik               Jeff Finger              60     1   2  2  
 2 Ray Macias               Derek Peltier            40     1   2  2  

4 vs 4 Forward 
   Center                   Wing                     Time % Phy DF OF 
 1 Samuel Pahlsson          Scott Parse              60     1   2  2  
 2 Dany Roussin             Pierre-Alexandre Parentea40     1   2  2  

4 vs 4 Defense
   Defense                  Defense                  Time % Phy DF OF 
 1 Doug Janik               Jeff Finger              60     1   2  2  
 2 Ray Macias               Derek Peltier            40     1   2  2  

Last Minutes Offensive
   Center                   Left Wing                Right Wing               Defense                  Defense                  
   Samuel Pahlsson          Scott Parse              Pierre-Alexandre ParenteaDoug Janik               Jeff Finger              

Last Minutes Defensive
   Center                   Left Wing                Right Wing               Defense                  Defense                  
   Samuel Pahlsson          Scott Parse              Pierre-Alexandre ParenteaDoug Janik               Jeff Finger              

Goaltenders
Starting : Devan Dubnyk             
Backup : Mark Dekanich            

Extra Forwards
Normal : Robin Leblanc, Jannik Hansen, Brandon Mashinter - PP : Robin Leblanc, Jannik Hansen - PK : Brandon Mashinter
Extra Defensemen
Normal : Joey Ryan, Slava Voynov, Brett Festerling - PP : Joey Ryan - PK : Slava Voynov, Brett Festerling
Penalty Shots
Samuel Pahlsson, Scott Parse, Dany Roussin, Pierre-Alexandre Parenteau, Matt D'Agostini

% Time on Ice - Patriotes

Lines # - Real PCT - Wanted PCT - Time Play
Normal Forward
1 - 31% - 40% - 13:52
2 - 25% - 30% - 11:09
3 - 27% - 20% - 12:06
4 - 16% - 10% - 7:00
Normal Defense
1 - 42% - 40% - 18:34
2 - 35% - 30% - 15:21
3 - 20% - 20% - 8:59
4 - 3% - 10% - 1:13
PP Forward
1 - 62% - 60% - 6:07
2 - 38% - 40% - 3:49
PP Defense
1 - 65% - 60% - 6:26
2 - 35% - 40% - 3:30
PK Forward
1 - 74% - 60% - 4:24
2 - 26% - 40% - 1:33
PK Defense
1 - 40% - 60% - 2:23
2 - 60% - 40% - 3:34
PK3 Forward
1 - 0% - 60%
2 - 0% - 40%
PK3 Defense
1 - 0% - 60%
2 - 0% - 40%
44 Forward
1 - 0% - 60%
2 - 0% - 40%
44 Defense
1 - 0% - 60%
2 - 0% - 40%
Last Minute Offensive  - 0:00
Last Minute Defensive  - 0:00
Total
Forward - 60:00
Defense - 60:00

% Time on Ice - Thunder

Lines # - Real PCT - Wanted PCT - Time Play
Normal Forward
1 - 30% - 40% - 13:18
2 - 27% - 30% - 12:00
3 - 24% - 20% - 10:43
4 - 18% - 10% - 8:06
Normal Defense
1 - 36% - 40% - 15:53
2 - 35% - 30% - 15:25
3 - 19% - 20% - 8:31
4 - 10% - 10% - 4:18
PP Forward
1 - 50% - 60% - 2:57
2 - 50% - 40% - 3:00
PP Defense
1 - 65% - 60% - 3:53
2 - 35% - 40% - 2:04
PK Forward
1 - 73% - 60% - 7:16
2 - 27% - 40% - 2:40
PK Defense
1 - 69% - 60% - 6:53
2 - 31% - 40% - 3:03
PK3 Forward
1 - 0% - 60%
2 - 0% - 40%
PK3 Defense
1 - 0% - 60%
2 - 0% - 40%
44 Forward
1 - 0% - 60%
2 - 0% - 40%
44 Defense
1 - 0% - 60%
2 - 0% - 40%
Last Minute Offensive  - 0:00
Last Minute Defensive  - 0:00
Total
Forward - 60:00
Defense - 60:00

Play by Play

1st period


0:01 of 1st period - Samuel Pahlsson wins face-off versus Zenon Konopka in neutral zone.
0:26 of 1st period - Brett Skinner is hit by Jeff Finger and loses puck.
1:28 of 1st period - Off-side.
1:29 of 1st period - Cory Emmerton wins face-off versus Samuel Pahlsson in neutral zone.
1:34 of 1st period - Snap shot by Cory Emmerton.
1:34 of 1st period - Stopped by Devan Dubnyk without a rebound.
1:35 of 1st period - Cory Emmerton wins face-off versus Samuel Pahlsson in Thunder zone.
2:02 of 1st period - Joey Ryan is hit by Andreas Nodl and loses puck.
2:08 of 1st period - Slava Voynov is hit by Brett Skinner.
3:09 of 1st period - Snap shot by Matt D'Agostini.
3:09 of 1st period - Shot Misses the Net.
3:11 of 1st period - Backhand shot by Matt D'Agostini.
3:11 of 1st period - Shot Misses the Net.
3:31 of 1st period - Snap shot by Tomas Kurka.
3:31 of 1st period - Shot Misses the Net.
3:33 of 1st period - Slapshot by Ryan Wilson.
3:33 of 1st period - Shot Misses the Net.
4:34 of 1st period - Snap shot by Cory Emmerton.
4:34 of 1st period - Stopped by Devan Dubnyk with a rebound.
4:36 of 1st period - Snap shot by Fedor Fedorov.
4:36 of 1st period - Stopped by Devan Dubnyk with a rebound.
4:38 of 1st period - Snap shot by Fedor Fedorov.
4:38 of 1st period - Stopped by Devan Dubnyk without a rebound.
4:39 of 1st period - Dany Roussin wins face-off versus Zenon Konopka in Thunder zone.
4:44 of 1st period - Wrist shot by Dany Roussin.
4:44 of 1st period - Shot Blocked by Brett Skinner.
4:46 of 1st period - Minor Penalty to A.J Thelen for Hooking.
4:47 of 1st period - Samuel Pahlsson wins face-off versus Tomas Kurka in Patriotes zone.
4:52 of 1st period - Snap shot by Pierre-Alexandre Parenteau.
4:52 of 1st period - Shot Misses the Net.
4:54 of 1st period - Slapshot by Samuel Pahlsson.
4:54 of 1st period - Stopped by Jason Missiaen with a rebound.
5:22 of 1st period - Wrist shot by Matt D'Agostini.
5:22 of 1st period - Shot Misses the Net.
6:45 of 1st period - Ryan Wilson is hit by Robin Leblanc and loses puck.
6:46 of 1st period - Penalty to A.J Thelen is over, A.J Thelen is back on ice.
6:50 of 1st period - Slapshot by Slava Voynov.
6:50 of 1st period - Stopped by Jason Missiaen with a rebound.
6:52 of 1st period - Snap shot by Brett Festerling.
6:52 of 1st period - Stopped by Jason Missiaen with a rebound.
7:39 of 1st period - Andreas Nodl is hit by Robin Leblanc and loses puck.
8:13 of 1st period - Snap shot by Andrew Gordon.
8:13 of 1st period - Shot Misses the Net.
8:30 of 1st period - Icing by Brandon Mashinter.
8:31 of 1st period - Brandon Mashinter wins face-off versus Zenon Konopka in Thunder zone.
8:58 of 1st period - Snap shot by Andrew Gordon.
8:58 of 1st period - Shot Blocked by Samuel Pahlsson.
9:00 of 1st period - Wrist shot by Fedor Fedorov.
9:00 of 1st period - Goal by Fedor Fedorov - Patriotes : 1 - Thunder : 0.
9:01 of 1st period - Zenon Konopka wins face-off versus Samuel Pahlsson in neutral zone.
9:10 of 1st period - Snap shot by Tomas Kurka.
9:10 of 1st period - Shot Blocked by Scott Parse.
9:26 of 1st period - Matt D'Agostini is hit by A.J Thelen.
10:28 of 1st period - Timothy Kunes is hit by Matt D'Agostini and loses puck.
10:47 of 1st period - Scott Parse is hit by Fedor Fedorov and loses puck.
11:43 of 1st period - Snap shot by Tomas Kurka.
11:43 of 1st period - Shot Misses the Net.
12:05 of 1st period - Wrist shot by Pierre-Alexandre Parenteau.
12:05 of 1st period - Stopped by Jason Missiaen with a rebound.
12:07 of 1st period - Slapshot by Ray Macias.
12:07 of 1st period - Deflect By Pierre-Alexandre Parenteau.
12:07 of 1st period - Stopped by Jason Missiaen with a rebound.
12:09 of 1st period - Slapshot by Pierre-Alexandre Parenteau.
12:09 of 1st period - Shot Misses the Net.
12:23 of 1st period - Tom Pyatt is hit by Ryan Wilson and loses puck.
12:28 of 1st period - Slapshot by T.J Galiardi.
12:28 of 1st period - Shot Misses the Net.
12:30 of 1st period - Slapshot by Joe Charlebois.
12:30 of 1st period - Stopped by Devan Dubnyk with a rebound.
12:32 of 1st period - Slapshot by Lauri Tukonen.
12:32 of 1st period - Deflect By Dany Roussin.
12:32 of 1st period - Shot Misses the Net.
12:32 of 1st period - Puck is out of play.
12:33 of 1st period - Brandon Mashinter wins face-off versus Zenon Konopka in Thunder zone.
12:44 of 1st period - Wrist shot by Andreas Nodl.
12:44 of 1st period - Stopped by Devan Dubnyk with a rebound.
12:46 of 1st period - Slapshot by Sami Vatanen.
12:46 of 1st period - Deflect By Andreas Nodl.
12:46 of 1st period - Goal by Andreas Nodl - Patriotes : 2 - Thunder : 0.
12:47 of 1st period - Zenon Konopka wins face-off versus Samuel Pahlsson in neutral zone.
12:47 of 1st period - Andreas Nodl is hit by Scott Parse.
12:57 of 1st period - Slapshot by Zenon Konopka.
12:57 of 1st period - Shot Misses the Net.
12:59 of 1st period - Snap shot by Zenon Konopka.
12:59 of 1st period - Stopped by Devan Dubnyk with a rebound.
13:03 of 1st period - Snap shot by Andreas Nodl.
13:03 of 1st period - Shot Misses the Net.
13:22 of 1st period - Slapshot by Dany Roussin.
13:22 of 1st period - Deflect By Tom Pyatt.
13:22 of 1st period - Stopped by Jason Missiaen without a rebound.
13:23 of 1st period - Tom Pyatt wins face-off versus Zenon Konopka in Patriotes zone.
13:50 of 1st period - Cory Emmerton is hit by Scott Parse and loses puck.
13:55 of 1st period - Wrist shot by Scott Parse.
13:55 of 1st period - Stopped by Jason Missiaen with a rebound.
14:03 of 1st period - Minor Penalty to Andrew Gordon for Holding.
14:04 of 1st period - Tomas Kurka wins face-off versus Samuel Pahlsson in Patriotes zone.
14:15 of 1st period - Wrist shot by Tomas Kurka.
14:15 of 1st period - Stopped by Devan Dubnyk with a rebound.
14:36 of 1st period - Ryan Wilson is hit by Tom Pyatt and loses puck.
16:03 of 1st period - Penalty to Andrew Gordon is over, Andrew Gordon is back on ice.
16:06 of 1st period - A.J Thelen is hit by Derek Peltier and loses puck.
16:23 of 1st period - Andrew Gordon is hit by Brandon Mashinter and loses puck.
16:34 of 1st period - Snap shot by Dany Roussin.
16:34 of 1st period - Stopped by Jason Missiaen with a rebound.
Goals for this period are 2 for Patriotes vs 0 for Thunder.
Shots for this period are 10 for Patriotes vs 8 for Thunder.

2nd period


0:01 of 2nd period - Samuel Pahlsson wins face-off versus Zenon Konopka in neutral zone.
0:09 of 2nd period - Wrist shot by Tomas Kurka.
0:09 of 2nd period - Stopped by Devan Dubnyk with a rebound.
0:11 of 2nd period - Snap shot by Tomas Kurka.
0:11 of 2nd period - Shot Misses the Net.
0:13 of 2nd period - Slapshot by Brett Skinner.
0:13 of 2nd period - Shot Blocked by Doug Janik.
0:15 of 2nd period - Snap shot by Tomas Kurka.
0:15 of 2nd period - Shot Misses the Net.
0:25 of 2nd period - Andrew Gordon is hit by Tom Pyatt and loses puck.
0:46 of 2nd period - Snap shot by Ryan Wilson.
0:46 of 2nd period - Stopped by Devan Dubnyk with a rebound.
1:09 of 2nd period - Off-side.
1:10 of 2nd period - Christian Hanson wins face-off versus Samuel Pahlsson in neutral zone.
1:20 of 2nd period - T.J Galiardi is hit by Pierre-Alexandre Parenteau and loses puck.
1:35 of 2nd period - Robin Leblanc is hit by Andreas Nodl and loses puck.
1:42 of 2nd period - Wrist shot by Tomas Kurka.
1:42 of 2nd period - Shot Blocked by Ray Macias.
1:44 of 2nd period - Wrist shot by Andreas Nodl.
1:44 of 2nd period - Shot Blocked by Ray Macias.
1:50 of 2nd period - Minor Penalty to Brandon Mashinter for High sticking.
1:51 of 2nd period - Zenon Konopka wins face-off versus Samuel Pahlsson in Thunder zone.
2:25 of 2nd period - Scott Parse is hit by Andrew Gordon and loses puck.
2:42 of 2nd period - Wrist shot by Pierre-Alexandre Parenteau.
2:42 of 2nd period - Stopped by Jason Missiaen without a rebound.
2:43 of 2nd period - Dany Roussin wins face-off versus Andreas Nodl in Patriotes zone.
3:45 of 2nd period - Tomas Kurka is hit by Doug Janik and loses puck.
3:50 of 2nd period - Penalty to Brandon Mashinter is over, Brandon Mashinter is back on ice.
4:02 of 2nd period - Casey Pierro-Zabotel is hit by Christian Hanson and loses puck.
4:31 of 2nd period - Jannik Hansen is hit by A.J Thelen and loses puck.
4:44 of 2nd period - Snap shot by Matt D'Agostini.
4:44 of 2nd period - Shot Misses the Net.
4:56 of 2nd period - Snap shot by Lauri Tukonen.
4:56 of 2nd period - Shot Misses the Net.
4:58 of 2nd period - Wrist shot by T.J Galiardi.
4:58 of 2nd period - Goal by T.J Galiardi - Patriotes : 3 - Thunder : 0.
4:59 of 2nd period - Zenon Konopka wins face-off versus Tom Pyatt in neutral zone.
5:42 of 2nd period - Snap shot by Robin Leblanc.
5:42 of 2nd period - Shot Blocked by Christian Hanson.
5:44 of 2nd period - Wrist shot by Robin Leblanc.
5:44 of 2nd period - Shot Blocked by Christian Hanson.
5:46 of 2nd period - Wrist shot by Brandon Mashinter.
5:46 of 2nd period - Shot Hit the Post.
5:48 of 2nd period - Slapshot by Joey Ryan.
5:48 of 2nd period - Stopped by Jason Missiaen with a rebound.
6:05 of 2nd period - Off-side.
6:06 of 2nd period - Samuel Pahlsson wins face-off versus Zenon Konopka in neutral zone.
6:11 of 2nd period - Snap shot by Pierre-Alexandre Parenteau.
6:11 of 2nd period - Stopped by Jason Missiaen with a rebound.
7:18 of 2nd period - Off-side.
7:19 of 2nd period - Zack Stortini wins face-off versus Tom Pyatt in neutral zone.
7:32 of 2nd period - Slapshot by Ryan Wilson.
7:32 of 2nd period - Deflect By Liam Reddox.
7:32 of 2nd period - Stopped by Devan Dubnyk without a rebound.
7:33 of 2nd period - Samuel Pahlsson wins face-off versus Zenon Konopka in Thunder zone.
7:42 of 2nd period - Snap shot by Tomas Kurka.
7:42 of 2nd period - Stopped by Devan Dubnyk with a rebound.
8:45 of 2nd period - Snap shot by Liam Reddox.
8:45 of 2nd period - Shot Blocked by Pierre-Alexandre Parenteau.
9:01 of 2nd period - Snap shot by Dany Roussin.
9:01 of 2nd period - Stopped by Jason Missiaen without a rebound.
9:02 of 2nd period - Tom Pyatt wins face-off versus Tomas Kurka in Patriotes zone.
9:13 of 2nd period - Wrist shot by Matt D'Agostini.
9:13 of 2nd period - Goal by Matt D'Agostini - Patriotes : 3 - Thunder : 1.
9:14 of 2nd period - Zenon Konopka wins face-off versus Samuel Pahlsson in neutral zone.
9:17 of 2nd period - Doug Janik is hit by Tomas Kurka and loses puck.
9:52 of 2nd period - Joe Charlebois is hit by Jeff Finger and loses puck.
10:16 of 2nd period - Double Minor Penalty to Pierre-Alexandre Parenteau for Roughing.
10:17 of 2nd period - Zenon Konopka wins face-off versus Brandon Mashinter in Thunder zone.
10:17 of 2nd period - Wrist shot by Andreas Nodl.
10:17 of 2nd period - Goal by Andreas Nodl - Patriotes : 4 - Thunder : 1.
10:17 of 2nd period - Mark Dekanich enters game.
10:18 of 2nd period - Samuel Pahlsson wins face-off versus Zenon Konopka in neutral zone.
10:23 of 2nd period - Slapshot by Samuel Pahlsson.
10:23 of 2nd period - Deflect By Scott Parse.
10:23 of 2nd period - Shot Misses the Net.
10:23 of 2nd period - Puck is out of play.
10:24 of 2nd period - Zenon Konopka wins face-off versus Samuel Pahlsson in Patriotes zone.
10:55 of 2nd period - Slapshot by Andrew Gordon.
10:55 of 2nd period - Stopped by Mark Dekanich without a rebound.
10:56 of 2nd period - Samuel Pahlsson wins face-off versus Zenon Konopka in Thunder zone.
12:17 of 2nd period - Penalty to Pierre-Alexandre Parenteau is over, Pierre-Alexandre Parenteau is back on ice.
12:33 of 2nd period - Timothy Kunes is hit by Pierre-Alexandre Parenteau and loses puck.
13:06 of 2nd period - Wrist shot by Daultan Leveillé.
13:06 of 2nd period - Shot Blocked by Cory Emmerton.
13:08 of 2nd period - Slapshot by Slava Voynov.
13:08 of 2nd period - Stopped by Jason Missiaen without a rebound.
13:09 of 2nd period - Dany Roussin wins face-off versus Cory Emmerton in Patriotes zone.
13:12 of 2nd period - Wrist shot by Tom Pyatt.
13:12 of 2nd period - Shot Blocked by Joe Charlebois.
13:32 of 2nd period - Jeff Finger is hit by Zenon Konopka and loses puck.
13:42 of 2nd period - Icing by Tomas Kurka.
13:43 of 2nd period - Christian Hanson wins face-off versus Brandon Mashinter in Patriotes zone.
14:28 of 2nd period - Wrist shot by Andrew Gordon.
14:28 of 2nd period - Deflect By Fedor Fedorov.
14:28 of 2nd period - Stopped by Mark Dekanich with a rebound.
14:30 of 2nd period - Slapshot by Andrew Gordon.
14:30 of 2nd period - Stopped by Mark Dekanich with a rebound.
14:32 of 2nd period - Wrist shot by Fedor Fedorov.
14:32 of 2nd period - Shot Misses the Net.
14:34 of 2nd period - Wrist shot by Cory Emmerton.
14:34 of 2nd period - Stopped by Mark Dekanich without a rebound.
14:35 of 2nd period - Zenon Konopka wins face-off versus Samuel Pahlsson in Thunder zone.
14:43 of 2nd period - Icing by Doug Janik.
14:44 of 2nd period - Zenon Konopka wins face-off versus Samuel Pahlsson in Thunder zone.
14:45 of 2nd period - Snap shot by Tomas Kurka.
14:45 of 2nd period - Stopped by Mark Dekanich without a rebound.
14:46 of 2nd period - Zenon Konopka wins face-off versus Samuel Pahlsson in Thunder zone.
14:57 of 2nd period - Andreas Nodl is hit by Scott Parse and loses puck.
15:12 of 2nd period - Brett Skinner is hit by Robin Leblanc and loses puck.
15:19 of 2nd period - Snap shot by Tomas Kurka.
15:19 of 2nd period - Shot Misses the Net.
15:21 of 2nd period - Snap shot by Sami Vatanen.
15:21 of 2nd period - Shot Misses the Net.
15:25 of 2nd period - Wrist shot by Tomas Kurka.
15:25 of 2nd period - Shot Misses the Net.
15:27 of 2nd period - Slapshot by Timothy Kunes.
15:27 of 2nd period - Stopped by Mark Dekanich with a rebound.
15:29 of 2nd period - Snap shot by Tomas Kurka.
15:29 of 2nd period - Goal by Tomas Kurka - Patriotes : 5 - Thunder : 1.
15:30 of 2nd period - Samuel Pahlsson wins face-off versus Cory Emmerton in neutral zone.
16:18 of 2nd period - Snap shot by Cory Emmerton.
16:18 of 2nd period - Stopped by Mark Dekanich with a rebound.
16:20 of 2nd period - Backhand shot by Timothy Kunes.
16:20 of 2nd period - Shot Blocked by Robin Leblanc.
16:22 of 2nd period - Wrist shot by Cory Emmerton.
16:22 of 2nd period - Shot Misses the Net.
16:24 of 2nd period - Wrist shot by Cory Emmerton.
16:24 of 2nd period - Shot Misses the Net.
16:26 of 2nd period - Snap shot by Cory Emmerton.
16:26 of 2nd period - Shot Blocked by Derek Peltier.
16:28 of 2nd period - Slapshot by Cory Emmerton.
16:28 of 2nd period - Shot Blocked by Ray Macias.
16:30 of 2nd period - Snap shot by Andrew Gordon.
16:30 of 2nd period - Stopped by Mark Dekanich with a rebound.
16:32 of 2nd period - Slapshot by Fedor Fedorov.
16:32 of 2nd period - Stopped by Mark Dekanich with a rebound.
16:34 of 2nd period - Slapshot by Timothy Kunes.
16:34 of 2nd period - Stopped by Mark Dekanich without a rebound.
16:35 of 2nd period - Samuel Pahlsson wins face-off versus Zenon Konopka in Thunder zone.
16:35 of 2nd period - Samuel Pahlsson is hit by Tomas Kurka.
16:38 of 2nd period - Minor Penalty to Samuel Pahlsson for Hooking.
16:39 of 2nd period - Brandon Mashinter wins face-off versus Zenon Konopka in Thunder zone.
16:47 of 2nd period - Snap shot by Tomas Kurka.
16:47 of 2nd period - Shot Misses the Net.
16:59 of 2nd period - Doug Janik is hit by Brett Skinner and loses puck.
17:24 of 2nd period - Slapshot by Zenon Konopka.
17:24 of 2nd period - Shot Misses the Net.
17:52 of 2nd period - Wrist shot by Andreas Nodl.
17:52 of 2nd period - Shot Misses the Net.
17:54 of 2nd period - Slapshot by Brett Skinner.
17:54 of 2nd period - Deflect By Zenon Konopka.
17:54 of 2nd period - Stopped by Mark Dekanich without a rebound.
17:55 of 2nd period - Scott Parse wins face-off versus Andrew Gordon in Thunder zone.
18:26 of 2nd period - Dany Roussin is hit by Cory Emmerton and loses puck.
18:38 of 2nd period - Penalty to Samuel Pahlsson is over, Samuel Pahlsson is back on ice.
19:32 of 2nd period - Minor Penalty to Ray Macias for Roughing.
19:33 of 2nd period - Zenon Konopka wins face-off versus Samuel Pahlsson in Thunder zone.
Goals for this period are 3 for Patriotes vs 1 for Thunder.
Shots for this period are 18 for Patriotes vs 6 for Thunder.

3rd period


0:01 of 3rd period - Zenon Konopka wins face-off versus Samuel Pahlsson in neutral zone.
0:04 of 3rd period - Slapshot by A.J Thelen.
0:04 of 3rd period - Deflect By Tomas Kurka.
0:04 of 3rd period - Shot Blocked by Doug Janik.
0:04 of 3rd period - Puck is out of play.
0:05 of 3rd period - Zenon Konopka wins face-off versus Samuel Pahlsson in Thunder zone.
0:08 of 3rd period - Snap shot by Andreas Nodl.
0:08 of 3rd period - Stopped by Mark Dekanich without a rebound.
0:09 of 3rd period - Samuel Pahlsson wins face-off versus Zenon Konopka in Thunder zone.
0:13 of 3rd period - Off-side.
0:14 of 3rd period - Samuel Pahlsson wins face-off versus Zenon Konopka in neutral zone.
0:17 of 3rd period - Slapshot by Doug Janik.
0:17 of 3rd period - Shot Blocked by A.J Thelen.
0:19 of 3rd period - Slapshot by Scott Parse.
0:19 of 3rd period - Shot Misses the Net.
0:21 of 3rd period - Slapshot by Doug Janik.
0:21 of 3rd period - Shot Misses the Net.
0:23 of 3rd period - Slapshot by Doug Janik.
0:23 of 3rd period - Stopped by Jason Missiaen without a rebound.
0:24 of 3rd period - Samuel Pahlsson wins face-off versus Zenon Konopka in Patriotes zone.
0:27 of 3rd period - Wrist shot by Samuel Pahlsson.
0:27 of 3rd period - Stopped by Jason Missiaen with a rebound.
0:31 of 3rd period - Snap shot by Samuel Pahlsson.
0:31 of 3rd period - Shot Misses the Net.
0:33 of 3rd period - Slapshot by Jeff Finger.
0:33 of 3rd period - Deflect By Samuel Pahlsson.
0:33 of 3rd period - Goal by Samuel Pahlsson - Patriotes : 5 - Thunder : 2.
0:34 of 3rd period - Samuel Pahlsson wins face-off versus Zenon Konopka in neutral zone.
0:37 of 3rd period - Andreas Nodl is hit by Samuel Pahlsson and loses puck.
1:16 of 3rd period - Backhand shot by Cory Emmerton.
1:16 of 3rd period - Deflect By Dany Roussin.
1:16 of 3rd period - Shot Misses the Net.
1:16 of 3rd period - Puck is out of play.
1:17 of 3rd period - Samuel Pahlsson wins face-off versus Fedor Fedorov in Thunder zone.
1:17 of 3rd period - Samuel Pahlsson is hit by Cory Emmerton.
1:31 of 3rd period - Snap shot by Cory Emmerton.
1:31 of 3rd period - Shot Misses the Net.
1:32 of 3rd period - Penalty to Ray Macias is over, Ray Macias is back on ice.
1:43 of 3rd period - Snap shot by Tom Pyatt.
1:43 of 3rd period - Shot Blocked by A.J Thelen.
2:09 of 3rd period - Wrist shot by Robin Leblanc.
2:09 of 3rd period - Stopped by Jason Missiaen with a rebound.
2:11 of 3rd period - Wrist shot by Derek Peltier.
2:11 of 3rd period - Stopped by Jason Missiaen with a rebound.
2:49 of 3rd period - Off-side.
2:50 of 3rd period - Zenon Konopka wins face-off versus Samuel Pahlsson in neutral zone.
3:17 of 3rd period - Wrist shot by T.J Galiardi.
3:17 of 3rd period - Stopped by Mark Dekanich with a rebound.
3:19 of 3rd period - Slapshot by Sami Vatanen.
3:19 of 3rd period - Shot Misses the Net.
3:21 of 3rd period - Slapshot by Sami Vatanen.
3:21 of 3rd period - Stopped by Mark Dekanich with a rebound.
3:23 of 3rd period - Slapshot by T.J Galiardi.
3:23 of 3rd period - Patriotes goal is going for a video replay.
3:23 of 3rd period - The goal is refused. The puck has been kicked using a distinct kicking motion..
3:24 of 3rd period - Zenon Konopka wins face-off versus Tom Pyatt in Thunder zone.
3:49 of 3rd period - Andrew Gordon is hit by Brandon Mashinter and loses puck.
4:07 of 3rd period - Off-side.
4:08 of 3rd period - Patrice Cormier wins face-off versus Samuel Pahlsson in neutral zone.
4:11 of 3rd period - Pierre-Alexandre Parenteau is hit by Liam Reddox and loses puck.
4:42 of 3rd period - Snap shot by Doug Janik.
4:42 of 3rd period - Stopped by Jason Missiaen with a rebound.
4:44 of 3rd period - Snap shot by Jeff Finger.
4:44 of 3rd period - Deflect By Tom Pyatt.
4:44 of 3rd period - Goal by Tom Pyatt - Patriotes : 5 - Thunder : 3.
4:45 of 3rd period - Samuel Pahlsson wins face-off versus Zenon Konopka in neutral zone.
4:53 of 3rd period - Pierre-Alexandre Parenteau is hit by Brett Skinner and loses puck.
4:58 of 3rd period - Wrist shot by Andreas Nodl.
4:58 of 3rd period - Shot Misses the Net.
5:10 of 3rd period - Cory Emmerton is hit by Dany Roussin.
5:16 of 3rd period - Snap shot by Cory Emmerton.
5:16 of 3rd period - Stopped by Mark Dekanich with a rebound.
5:18 of 3rd period - Slapshot by Andrew Gordon.
5:18 of 3rd period - Stopped by Mark Dekanich without a rebound.
5:19 of 3rd period - Samuel Pahlsson wins face-off versus Zenon Konopka in Thunder zone.
5:29 of 3rd period - Off-side.
5:30 of 3rd period - Samuel Pahlsson wins face-off versus Zenon Konopka in neutral zone.
5:55 of 3rd period - Cory Emmerton is hit by Matt D'Agostini and loses puck.
6:10 of 3rd period - Ryan Wilson is hit by Matt D'Agostini and loses puck.
7:08 of 3rd period - Wrist shot by Matt D'Agostini.
7:08 of 3rd period - Shot Misses the Net.
7:28 of 3rd period - Snap shot by Tomas Kurka.
7:28 of 3rd period - Stopped by Mark Dekanich without a rebound.
7:29 of 3rd period - Brandon Mashinter wins face-off versus Zenon Konopka in Thunder zone.
7:34 of 3rd period - Snap shot by Doug Janik.
7:34 of 3rd period - Stopped by Jason Missiaen with a rebound.
7:36 of 3rd period - Slapshot by Brandon Mashinter.
7:36 of 3rd period - Deflect By Robin Leblanc.
7:36 of 3rd period - Shot Blocked by Sami Vatanen.
7:36 of 3rd period - Puck is out of play.
7:37 of 3rd period - Brandon Mashinter wins face-off versus Zenon Konopka in Patriotes zone.
7:50 of 3rd period - Slapshot by Jeff Finger.
7:50 of 3rd period - Stopped by Jason Missiaen with a rebound.
8:09 of 3rd period - Wrist shot by Samuel Pahlsson.
8:09 of 3rd period - Stopped by Jason Missiaen without a rebound.
8:10 of 3rd period - Cory Emmerton wins face-off versus Samuel Pahlsson in Patriotes zone.
8:16 of 3rd period - Minor Penalty to Pierre-Alexandre Parenteau for Slashing.
8:17 of 3rd period - Zenon Konopka wins face-off versus Samuel Pahlsson in Thunder zone.
8:59 of 3rd period - Wrist shot by Dany Roussin.
8:59 of 3rd period - Shot Misses the Net.
9:27 of 3rd period - Slapshot by Doug Janik.
9:27 of 3rd period - Shot Misses the Net.
9:30 of 3rd period - Icing by Joe Charlebois.
9:31 of 3rd period - Zenon Konopka wins face-off versus Samuel Pahlsson in Patriotes zone.
9:50 of 3rd period - Ray Macias is hit by A.J Thelen.
10:16 of 3rd period - Penalty to Pierre-Alexandre Parenteau is over, Pierre-Alexandre Parenteau is back on ice.
10:28 of 3rd period - Snap shot by Liam Reddox.
10:28 of 3rd period - Shot Misses the Net.
10:30 of 3rd period - Wrist shot by Liam Reddox.
10:30 of 3rd period - Goal by Liam Reddox - Patriotes : 6 - Thunder : 3.
10:31 of 3rd period - Zenon Konopka wins face-off versus Tom Pyatt in neutral zone.
10:45 of 3rd period - A.J Thelen is hit by Ray Macias and loses puck.
10:57 of 3rd period - Icing by Brandon Mashinter.
10:58 of 3rd period - Cory Emmerton wins face-off versus Casey Pierro-Zabotel in Thunder zone.
11:13 of 3rd period - Wrist shot by Fedor Fedorov.
11:13 of 3rd period - Stopped by Mark Dekanich with a rebound.
11:23 of 3rd period - Derek Peltier is hit by Christian Hanson and loses puck.
11:30 of 3rd period - Snap shot by Lauri Tukonen.
11:30 of 3rd period - Shot Misses the Net.
11:32 of 3rd period - Wrist shot by T.J Galiardi.
11:32 of 3rd period - Stopped by Mark Dekanich without a rebound.
11:33 of 3rd period - Samuel Pahlsson wins face-off versus Zenon Konopka in Thunder zone.
11:40 of 3rd period - Tomas Kurka is hit by Scott Parse and loses puck.
11:59 of 3rd period - Jeff Finger is hit by A.J Thelen and loses puck.
12:17 of 3rd period - Icing by Doug Janik.
12:18 of 3rd period - Christian Hanson wins face-off versus Tom Pyatt in Thunder zone.
12:23 of 3rd period - Snap shot by T.J Galiardi.
12:23 of 3rd period - Shot Misses the Net.
12:29 of 3rd period - Wrist shot by Andreas Nodl.
12:29 of 3rd period - Shot Blocked by Jeff Finger.
12:31 of 3rd period - Slapshot by Brett Skinner.
12:31 of 3rd period - Stopped by Mark Dekanich without a rebound.
12:32 of 3rd period - Zenon Konopka wins face-off versus Samuel Pahlsson in Thunder zone.
12:48 of 3rd period - Wrist shot by A.J Thelen.
12:48 of 3rd period - Shot Misses the Net.
12:58 of 3rd period - Brett Skinner is hit by Ray Macias and loses puck.
13:25 of 3rd period - Matt D'Agostini is hit by Zack Stortini and loses puck.
13:44 of 3rd period - Icing by Christian Hanson.
13:45 of 3rd period - Christian Hanson wins face-off versus Daultan Leveillé in Patriotes zone.
13:45 of 3rd period - Christian Hanson is hit by Daultan Leveillé.
14:44 of 3rd period - Snap shot by Daultan Leveillé.
14:44 of 3rd period - Stopped by Jason Missiaen with a rebound.
14:46 of 3rd period - Snap shot by Samuel Pahlsson.
14:46 of 3rd period - Shot Misses the Net.
14:48 of 3rd period - Snap shot by Samuel Pahlsson.
14:48 of 3rd period - Shot Blocked by Brett Skinner.
14:50 of 3rd period - Slapshot by Derek Peltier.
14:50 of 3rd period - Stopped by Jason Missiaen with a rebound.
14:52 of 3rd period - Slapshot by Ray Macias.
14:52 of 3rd period - Stopped by Jason Missiaen with a rebound.
14:54 of 3rd period - Slapshot by Derek Peltier.
14:54 of 3rd period - Stopped by Jason Missiaen with a rebound.
14:56 of 3rd period - Snap shot by Jannik Hansen.
14:56 of 3rd period - Stopped by Jason Missiaen with a rebound.
14:58 of 3rd period - Slapshot by Ray Macias.
14:58 of 3rd period - Shot Misses the Net.
15:18 of 3rd period - Wrist shot by Daultan Leveillé.
15:18 of 3rd period - Shot Misses the Net.
15:20 of 3rd period - Snap shot by Daultan Leveillé.
15:20 of 3rd period - Stopped by Jason Missiaen with a rebound.
15:22 of 3rd period - Snap shot by Daultan Leveillé.
15:22 of 3rd period - Stopped by Jason Missiaen with a rebound.
15:24 of 3rd period - Slapshot by Daultan Leveillé.
15:24 of 3rd period - Shot Misses the Net.
15:26 of 3rd period - Snap shot by Daultan Leveillé.
15:26 of 3rd period - Stopped by Jason Missiaen with a rebound.
15:34 of 3rd period - Derek Peltier is hit by T.J Galiardi and loses puck.
15:45 of 3rd period - Samuel Pahlsson is hit by T.J Galiardi and loses puck.
15:52 of 3rd period - Lauri Tukonen is hit by Ray Macias and loses puck.
16:25 of 3rd period - Snap shot by Daultan Leveillé.
16:25 of 3rd period - Stopped by Jason Missiaen with a rebound.
16:27 of 3rd period - Slapshot by Derek Peltier.
16:27 of 3rd period - Shot Blocked by A.J Thelen.
16:39 of 3rd period - Wrist shot by Jannik Hansen.
16:39 of 3rd period - Shot Blocked by Lauri Tukonen.
16:41 of 3rd period - Wrist shot by Ray Macias.
16:41 of 3rd period - Deflect By A.J Thelen.
16:41 of 3rd period - Stopped by Jason Missiaen without a rebound.
16:42 of 3rd period - Tom Pyatt wins face-off versus Zenon Konopka in Patriotes zone.
17:22 of 3rd period - Minor Penalty to Ryan Wilson for Hooking.
17:23 of 3rd period - Tom Pyatt wins face-off versus Tomas Kurka in Patriotes zone.
17:24 of 3rd period - Snap shot by Dany Roussin.
17:24 of 3rd period - Stopped by Jason Missiaen without a rebound.
17:25 of 3rd period - Tom Pyatt wins face-off versus Tomas Kurka in Patriotes zone.
17:34 of 3rd period - Wrist shot by Tom Pyatt.
17:34 of 3rd period - Deflect By Andreas Nodl.
17:34 of 3rd period - Shot Blocked by Andreas Nodl.
17:34 of 3rd period - Puck is out of play.
17:35 of 3rd period - Tom Pyatt wins face-off versus Tomas Kurka in Patriotes zone.
18:02 of 3rd period - Jeff Finger is hit by Joe Charlebois and loses puck.
18:35 of 3rd period - Snap shot by Fedor Fedorov.
18:35 of 3rd period - Deflect By Patrice Cormier.
18:35 of 3rd period - Shot Misses the Net.
18:35 of 3rd period - Puck is out of play.
18:36 of 3rd period - Robin Leblanc wins face-off versus Patrice Cormier in Thunder zone.
19:13 of 3rd period - Andreas Nodl is hit by Matt D'Agostini and loses puck.
19:22 of 3rd period - Penalty to Ryan Wilson is over, Ryan Wilson is back on ice.
19:40 of 3rd period - Snap shot by Robin Leblanc.
19:40 of 3rd period - Shot Blocked by Patrice Cormier.
19:42 of 3rd period - Wrist shot by Brandon Mashinter.
19:42 of 3rd period - Shot Blocked by Joe Charlebois.
Goals for this period are 1 for Patriotes vs 2 for Thunder.
Shots for this period are 11 for Patriotes vs 21 for Thunder.


Output by the SimonT Hockey Simulator (STHS) for François Prévost -- Original Page W3C XHTML 1.0 Valid
Hockey Simulator - Hockey Simulation - Hockey Manager